MWL (24 & UNDER)
BEMIDJI BENDERS @ MANHATTEN MEATHEADS
08/17/2023
 
TOP OF THE 1ST
Bemidji Benders batting - Pitching for Manhatten Meatheads : LHP Ben Head
Pitching: LHP Ben Head
Batting: RHB António López 0-0: Swinging Strike
0-1: Ground out 6-3 (Groundball, 6)
Batting: RHB Juan Costello 0-0: Ball
1-0: Swinging Strike
1-1: Foul Ball, location: 2F
1-2: Ball
2-2: Foul Ball, location: 2F
2-2: Ground out 5-3 (Groundball, 56S)
Batting: SHB Edgardo Osorio 0-0: Ball
1-0: Ground out 4-3 (Groundball, 4)
Top of the 1st over - 0 run(s), 0 hit(s), 0 error(s), 0 left on base; Bemidji 0 - Manhatten 0
BOTTOM OF THE 1ST
Manhatten Meatheads batting - Pitching for Bemidji Benders : RHP Dave Hammond
Pitching: RHP Dave Hammond
Batting: RHB Stanley Robbins 0-0: Called Strike
0-1: Called Strike
0-2: Foul Ball, location: 2F
0-2: Ball
1-2: Ground out 5-3 (Groundball, 56)
Batting: RHB Mitch Thomas 0-0: Ball
1-0: SINGLE (Flyball, 7LS)
Batting: LHB Pat Zimmerman 0-0: Ball
1-0: Called Strike
1-1: Foul Ball, location: 2F
1-2: Foul Ball, location: 2F
1-2: Ball
2-2: SINGLE (Groundball, 34D)
Mitch Thomas to second
Runner from 2nd tries for 3rd, SAFE, no throw or cutoff
Batting: LHB Dave Watt 0-0: Called Strike
Pat Zimmerman steals 2nd base
0-1: Called Strike
0-2: Strikes out swinging
Batting: RHB Mark McDonald 0-0: Called Strike
0-1: Ball
1-1: Fly out, F8 (Flyball, 8LM)
Bottom of the 1st over - 0 run(s), 2 hit(s), 0 error(s), 2 left on base; Bemidji 0 - Manhatten 0
TOP OF THE 2ND
Bemidji Benders batting - Pitching for Manhatten Meatheads : LHP Ben Head
Batting: RHB Alfredo López 0-0: Ground out 6-3 (Groundball, 6)
Batting: RHB Ángel Garza 0-0: Ball
1-0: Called Strike
1-1: Ball
2-1: Ball
3-1: Foul Ball, location: 2F
3-2: Foul Ball, location: 2F
3-2: Foul Ball, location: 2F
3-2: Strikes out swinging
Batting: RHB George Cox 0-0: Ball
1-0: Foul Ball, location: 2F
1-1: Ball
2-1: Ball
3-1: Base on Balls
Batting: RHB Roberto Solís 0-0: Swinging Strike
0-1: SINGLE (Line Drive, 89S)
George Cox to second
Runner from 2nd tries for 3rd, SAFE, throw made to third
Batting: RHB Júlio Valdés 0-0: Fly out, F7 (Popup, 6D)
Top of the 2nd over - 0 run(s), 1 hit(s), 0 error(s), 2 left on base; Bemidji 0 - Manhatten 0
BOTTOM OF THE 2ND
Manhatten Meatheads batting - Pitching for Bemidji Benders : RHP Dave Hammond
Batting: RHB Kyle O'Day 0-0: Ball
1-0: Ball
2-0: Ball
3-0: Base on Balls
Batting: RHB Greg Lee 0-0: Ball
1-0: SINGLE (Groundball, 34)
Kyle O'Day to second
Runner from 2nd tries for 3rd, SAFE, no throw or cutoff
Batting: SHB Will Evans 0-0: Called Strike
0-1: Ball
1-1: Ball
2-1: Ball
3-1: Foul Ball, location: 2F
3-2: Base on Balls
Greg Lee to second
Batting: RHB Juan Reyes 0-0: Called Strike
0-1: Ball
1-1: Swinging Strike
1-2: Ball
2-2: Ball
3-2: Strikes out swinging
Batting: RHB Stanley Robbins 0-0: Fielders Choice at 2nd, 6-4 (Groundball, 6)
Kyle O'Day scores
Greg Lee to third
Batting: RHB Mitch Thomas 0-0: Ball
1-0: Ball
2-0: Foul Ball, location: 2F
2-1: Swinging Strike
2-2: Strikes out swinging
Bottom of the 2nd over - 1 run(s), 1 hit(s), 0 error(s), 2 left on base; Bemidji 0 - Manhatten 1
TOP OF THE 3RD
Bemidji Benders batting - Pitching for Manhatten Meatheads : LHP Ben Head
Batting: SHB José Cruz 0-0: Ball
1-0: Called Strike
1-1: Ball
2-1: Foul Ball, location: 2F
2-2: Strikes out swinging
Batting: RHB António López 0-0: Foul Ball, location: 2F
0-1: Foul Ball, location: 2F
0-2: Ball
1-2: Ball
2-2: Fly out, F5 (Popup, 5F)
Batting: RHB Juan Costello 0-0: Called Strike
0-1: Called Strike
0-2: Foul Ball, location: 2F
0-2: Strikes out swinging
Top of the 3rd over - 0 run(s), 0 hit(s), 0 error(s), 0 left on base; Bemidji 0 - Manhatten 1
BOTTOM OF THE 3RD
Manhatten Meatheads batting - Pitching for Bemidji Benders : RHP Dave Hammond
Batting: LHB Pat Zimmerman 0-0: Ball
1-0: Ball
2-0: Ball
3-0: Base on Balls
Batting: LHB Dave Watt 0-0: Ball
1-0: DOUBLE (Line Drive, 9LM)
Pat Zimmerman to third
Batting: RHB Mark McDonald 0-0: Ball
1-0: Hit by Pitch
Batting: RHB Kyle O'Day 0-0: Foul Ball, location: 2F
0-1: Called Strike
0-2: Strikes out swinging
Batting: RHB Greg Lee 0-0: Ball
1-0: Ball
Wild Pitch!
Pat Zimmerman scores
Dave Watt to third
Mark McDonald to second
2-0: SINGLE (Line Drive, 89S)
Dave Watt scores
Mark McDonald to third
Batting: SHB Will Evans 0-0: Called Strike
0-1: Ball
1-1: Ball
2-1: Called Strike
2-2: Foul Ball, location: 2F
2-2: Strikes out swinging
Batting: RHB Juan Reyes 0-0: Ball
1-0: DOUBLE (Line Drive, 9LS)
Mark McDonald scores
Greg Lee to third
Batting: RHB Stanley Robbins 0-0: SINGLE (Flyball, 7LS)
Greg Lee scores
Juan Reyes to third
Runner from 3rd tries for Home, SAFE, no throw or cutoff
Batting: RHB Mitch Thomas 0-0: Ball
Stanley Robbins is caught stealing 2nd base
Bottom of the 3rd over - 5 run(s), 4 hit(s), 0 error(s), 0 left on base; Bemidji 0 - Manhatten 6
TOP OF THE 4TH
Bemidji Benders batting - Pitching for Manhatten Meatheads : LHP Ben Head
Batting: SHB Edgardo Osorio 0-0: Ball
1-0: Foul Ball, location: 2F
1-1: Ball
2-1: Called Strike
2-2: Foul Ball, location: 2F
2-2: Strikes out swinging
Batting: RHB Alfredo López 0-0: Ball
1-0: Foul Ball, location: 2F
1-1: Swinging Strike
1-2: Foul Ball, location: 2F
1-2: Ball
2-2: Ball
3-2: Foul Ball, location: 2F
3-2: Base on Balls
Batting: RHB Ángel Garza 0-0: Ball
1-0: Ball
2-0: Ball
3-0: Called Strike
3-1: Ground out 5-3 (Groundball, 56S)
Alfredo López to second
Batting: RHB George Cox 0-0: Called Strike
0-1: Swinging Strike
0-2: Ball
1-2: Foul Ball, location: 2F
1-2: Strikes out looking
Top of the 4th over - 0 run(s), 0 hit(s), 0 error(s), 1 left on base; Bemidji 0 - Manhatten 6
BOTTOM OF THE 4TH
Manhatten Meatheads batting - Pitching for Bemidji Benders : RHP Dave Hammond
Batting: RHB Mitch Thomas 0-0: Ball
1-0: Foul Ball, location: 2F
1-1: Called Strike
1-2: Fly out, F8 (Flyball, 78XD)
Batting: LHB Pat Zimmerman 0-0: Ball
1-0: Ground out 6-3 (Groundball, 6M)
Batting: LHB Dave Watt 0-0: Called Strike
0-1: Foul Ball, location: 2F
0-2: Foul Ball, location: 2F
0-2: Foul Ball, location: 2F
0-2: Ball
1-2: Hit by Pitch
Batting: RHB Mark McDonald 0-0: Ball
1-0: Called Strike
1-1: Foul Ball, location: 2F
1-2: SINGLE (Line Drive, 9LS)
Dave Watt to second
Batting: RHB Kyle O'Day 0-0: Called Strike
0-1: Swinging Strike
0-2: Ball
1-2: Ball
2-2: Strikes out swinging
Bottom of the 4th over - 0 run(s), 1 hit(s), 0 error(s), 2 left on base; Bemidji 0 - Manhatten 6
TOP OF THE 5TH
Bemidji Benders batting - Pitching for Manhatten Meatheads : LHP Ben Head
Batting: RHB Roberto Solís 0-0: Ball
1-0: Ball
2-0: Ball
3-0: Called Strike
3-1: SOLO HOME RUN (Flyball, 7D), Distance : 390 ft
Batting: RHB Júlio Valdés 0-0: Ball
1-0: Ball
2-0: Called Strike
2-1: Ball
3-1: Fly out, F8 (Flyball, 8LM)
Batting: SHB José Cruz 0-0: Ball
1-0: Ball
2-0: Foul Ball, location: 2F
2-1: Ball
3-1: SINGLE (Line Drive, 89S)
Batting: RHB António López 0-0: Swinging Strike
0-1: Fly out, F9 (Flyball, 9M)
Batting: RHB Juan Costello 0-0: Foul Ball, location: 2F
0-1: Swinging Strike
0-2: Ball
1-2: Foul Ball, location: 2F
1-2: Ball
2-2: Strikes out swinging
Top of the 5th over - 1 run(s), 2 hit(s), 0 error(s), 1 left on base; Bemidji 1 - Manhatten 6
BOTTOM OF THE 5TH
Manhatten Meatheads batting - Pitching for Bemidji Benders : RHP Dave Hammond
Pitching: RHP Mark Anderson
Batting: RHB Greg Lee 0-0: Called Strike
0-1: Foul Ball, location: 2F
0-2: Ball
1-2: Strikes out looking
Batting: SHB Will Evans 0-0: Called Strike
0-1: Ball
1-1: Ball
2-1: Swinging Strike
2-2: Foul Ball, location: 2F
2-2: Foul Ball, location: 2F
2-2: Strikes out looking
Batting: RHB Juan Reyes 0-0: Foul Ball, location: 2F
0-1: Ball
1-1: Called Strike
1-2: Strikes out swinging
Bottom of the 5th over - 0 run(s), 0 hit(s), 0 error(s), 0 left on base; Bemidji 1 - Manhatten 6
TOP OF THE 6TH
Bemidji Benders batting - Pitching for Manhatten Meatheads : LHP Ben Head
Pitching: RHP Doug Cole
Batting: SHB Edgardo Osorio 0-0: Ball
1-0: Foul Ball, location: 2F
1-1: Foul Ball, location: 2F
1-2: SINGLE (Groundball, 6MD)
Batting: RHB Alfredo López 0-0: Ball
1-0: Called Strike
Edgardo Osorio steals 2nd base
1-1: Ball
2-1: Ball
3-1: Swinging Strike
3-2: Strikes out looking
Batting: RHB Ángel Garza 0-0: Called Strike
0-1: Fly out, F3 (Popup, 3F)
Batting: RHB George Cox 0-0: Ball
1-0: Ball
2-0: Foul Ball, location: 2F
2-1: Foul Ball, location: 2F
2-2: Ball
3-2: Foul Ball, location: 2F
3-2: Foul Ball, location: 2F
3-2: Base on Balls
Batting: RHB Roberto Solís 0-0: Ball
1-0: Swinging Strike
1-1: Called Strike
1-2: Foul Ball, location: 2F
1-2: Foul Ball, location: 2F
1-2: Strikes out swinging
Top of the 6th over - 0 run(s), 1 hit(s), 0 error(s), 2 left on base; Bemidji 1 - Manhatten 6
BOTTOM OF THE 6TH
Manhatten Meatheads batting - Pitching for Bemidji Benders : RHP Mark Anderson
Batting: RHB Stanley Robbins 0-0: Ball
1-0: Fly out, F6 (Line Drive, 6M)
Batting: RHB Mitch Thomas 0-0: Foul Ball, location: 2F
0-1: Swinging Strike
0-2: Ball
1-2: Foul Ball, location: 2F
1-2: Fly out, F8 (Flyball, 8RXD)
Batting: LHB Pat Zimmerman 0-0: Ball
1-0: Ball
2-0: DOUBLE (Line Drive, 5D)
Batting: LHB Dave Watt 0-0: Called Strike
0-1: Ball
1-1: Foul Ball, location: 2F
1-2: Ball
2-2: Foul Ball, location: 2F
2-2: Ball
3-2: Strikes out swinging
Bottom of the 6th over - 0 run(s), 1 hit(s), 0 error(s), 1 left on base; Bemidji 1 - Manhatten 6
TOP OF THE 7TH
Bemidji Benders batting - Pitching for Manhatten Meatheads : RHP Doug Cole
Batting: RHB Júlio Valdés 0-0: Called Strike
0-1: Called Strike
0-2: Ball
1-2: Foul Ball, location: 2F
1-2: Strikes out swinging
Batting: SHB José Cruz 0-0: Fly out, F7 (Line Drive, 78M)
Batting: RHB António López 0-0: Swinging Strike
0-1: Ball
1-1: Called Strike
1-2: Ground out 1-3 (Groundball, 15S)
Top of the 7th over - 0 run(s), 0 hit(s), 0 error(s), 0 left on base; Bemidji 1 - Manhatten 6
BOTTOM OF THE 7TH
Manhatten Meatheads batting - Pitching for Bemidji Benders : RHP Mark Anderson
Pitching: LHP José Travez
Batting: RHB Mark McDonald 0-0: Ball
1-0: Fly out, F8 (Flyball, 8RM)
Batting: RHB Kyle O'Day 0-0: Called Strike
0-1: Ball
1-1: Foul Ball, location: 2F
1-2: SINGLE (Groundball, 34D)
Batting: RHB Greg Lee 0-0: Ball
1-0: Foul Ball, location: 2F
1-1: Fly out, F8 (Flyball, 8LM)
Batting: SHB Will Evans 0-0: Called Strike
Kyle O'Day steals 2nd base
0-1: Foul Ball, location: 2F
0-2: Strikes out looking
Bottom of the 7th over - 0 run(s), 1 hit(s), 0 error(s), 1 left on base; Bemidji 1 - Manhatten 6
TOP OF THE 8TH
Bemidji Benders batting - Pitching for Manhatten Meatheads : RHP Doug Cole
Pitching: RHP Sloan Numbers
Now at 3B: Ramón Ybarra
Batting: RHB Juan Costello 0-0: Called Strike
0-1: Foul Ball, location: 2F
0-2: Strikes out looking
Batting: SHB Edgardo Osorio 0-0: Ball
1-0: Ball
2-0: Called Strike
2-1: Swinging Strike
2-2: Fly out, F8 (Flyball, 8RM)
Batting: RHB Alfredo López 0-0: Called Strike
0-1: Ball
1-1: Ball
2-1: Ball
3-1: Base on Balls
Batting: RHB Ángel Garza 0-0: Called Strike
0-1: Fly out, F7 (Flyball, 78M)
Top of the 8th over - 0 run(s), 0 hit(s), 0 error(s), 1 left on base; Bemidji 1 - Manhatten 6
BOTTOM OF THE 8TH
Manhatten Meatheads batting - Pitching for Bemidji Benders : LHP José Travez
Batting: RHB Juan Reyes 0-0: Swinging Strike
0-1: Swinging Strike
0-2: Foul Ball, location: 2F
0-2: Ball
1-2: Ball
2-2: Strikes out swinging
Batting: RHB Stanley Robbins 0-0: Ball
1-0: Fly out, F4 (Popup, 34D)
Batting: RHB Mitch Thomas 0-0: Foul Ball, location: 2F
0-1: Fly out, F4 (Line Drive, 4M)
Bottom of the 8th over - 0 run(s), 0 hit(s), 0 error(s), 0 left on base; Bemidji 1 - Manhatten 6
TOP OF THE 9TH
Bemidji Benders batting - Pitching for Manhatten Meatheads : RHP Sloan Numbers
Pitching: RHP Mario Tovar
Batting: RHB George Cox 0-0: Foul Ball, location: 2F
0-1: Foul Ball, location: 2F
0-2: Ball
1-2: Ball
2-2: Ball
3-2: Strikes out looking
Batting: RHB Roberto Solís 0-0: Called Strike
0-1: Swinging Strike
0-2: Fly out, F9 (Line Drive, 9M)
Batting: RHB Júlio Valdés 0-0: Ball
1-0: Ball
2-0: Ball
3-0: Called Strike
3-1: Base on Balls
Batting: SHB José Cruz 0-0: Ball
1-0: Called Strike
1-1: Ground out U3 (Groundball, 3)
Top of the 9th over - 0 run(s), 0 hit(s), 0 error(s), 1 left on base; Bemidji 1 - Manhatten 6
This league is powered by Out of the Park Baseball, the baseball management simulation game for PC, Mac and Linux
Wednesday, December 2nd, 2015 - OOTP Baseball 16.8 Build 38